 Dungeon Crawl Stone Soup version 0.30.1-11-g7821555f0a (webtiles) character file.

Game seed: 10513317469984982038

7 GreatBamboolord the Magician (level 2, -8/22 HPs)
             Began as a Djinni Necromancer on Dec 1, 2023.
             Mangled by a gnoll
             ... wielding a +1 whip of electrocution
              (20 damage)
             ... on level 1 of the Dungeon.
             The game lasted 00:01:07 (186 turns).

GreatBamboolord the Magician (Djinni Necromancer)    Turns: 186, Time: 00:01:08

Health: -8/22      AC:  2    Str:  7    XL:     2   Next: 5%
Gold:   34         EV: 12    Int: 16    God:
                   SH:  0    Dex: 13

rFire   + + .        (no weapon)
rCold   x . .        (no shield)
rNeg    . . .        a - +0 robe
rPois   ∞            (no helmet)
rElec   .            (no cloak)
rCorr   .            (no gloves)
SInv    .            (boots unavailable)
Will    .....        (no amulet)
Stlth   ++           (no ring)
HPRegen 0.23/turn    (no ring)
MPRegen 0.00/turn

%: infuse magic (-9 HP)
@: flying
A: sickness immunity, fire resistance 2, cold vulnerability 1, float, innate
caster, HP casting, extra vitality 1
a: no special abilities


You were on level 1 of the Dungeon.
You visited 1 branch of the dungeon, and saw 1 of its levels.

You collected 34 gold pieces.

Inventory:

Armour
 a - a +0 robe (worn)
Jewellery
 c - a ring of ice
Potions
 b - a potion of might {unknown}


   Skills:
 + Level 0.4 Fighting
 + Level 2.3 Dodging
 + Level 1.7 Stealth
 * Level 3.3 Spellcasting


You knew the following spells:

 Your Spells              Type           Power      Damage    Failure   Level
a - Necrotise             Necr           52%        1d6       4%          1
b - Vampiric Draining     Necr           13%        2d6       14%         3
c - Animate Dead          Necr           13%        N/A       41%         4
d - Agony                 Necr           13%        N/A       77%         5
Your spell library was empty.

Dungeon Overview and Level Annotations

Branches:
Dungeon (1/15)

Altars:

Shops:
D:1 =*


Innate Abilities, Weirdness & Mutations

You are immune to sickness and miasma.
You are immune to poison.
Your flesh is very heat resistant. (rF++)
You are vulnerable to cold. (rC-)
You float through the air rather than walking.
You learn spells naturally, not from books.
Your magical power is your life essence.
You have superior vitality. (+4 MHP)


Message History

The ball python barely resists.
The ball python writhes in agony.
You kill the ball python!
The dead are slithering!
You can't see any susceptible monsters within range! (Use Z to cast anyway.)
You can't see any susceptible monsters within range! (Use Z to cast anyway.)
Your magical contamination has completely faded away.
You now have enough gold to buy a bubbling sapphire potion on this level, buy a lumpy amethyst potion on this level, buy a scroll labelled HEELYO RABU on this level, buy a scroll labelled NUOMEIH YBLEK on this level, buy a scroll labelled OFYORE WOTINOKI on this level, buy a scroll labelled SOWAIG VORGHOSEBB on this level, or buy a scroll labelled TIMPIU TINAU on this level.
You can access your shopping list by pressing '$'.
You now have 34 gold pieces (gained 11).
Found Sacav's Jewellery Shoppe.
Found a stone staircase leading down.
c - a ring of ice
There is an entrance to Sacav's Jewellery Shoppe here.
You can access your shopping list by pressing '$'.
You swap places.
There is an entrance to Sacav's Jewellery Shoppe here.
Your ball python skeleton crumbles into dust!
A kobold comes into view. It is wielding a +0 dagger.
The kobold shouts!
You hear an angry hiss.
You hear a shout!
A kobold is nearby!
A kobold is nearby!
An endoplasm, a gnoll and a ball python come into view.
The gnoll is wielding a +1 whip of electrocution.
Found a stone staircase leading down.
The gnoll shouts!
The endoplasm quivers.
The gnoll writhes in agony.
The ball python writhes in agony.
You kill the ball python!
The dead are slithering!
The kobold throws a stone.
The stone hits you.
You have reached level 2!
Aiming: Necrotise (safe; 4% risk of failure)
Press: ? - help, Q - select action Shift-Dir - straight line, f - gnoll
Aim: a gnoll, wielding a +1 whip of electrocution (lightly wounded, ally target, chance to affect: 76%)
The gnoll writhes in agony.
The gnoll hits you with a +1 whip of electrocution.
You are electrocuted!!
Ouch! That really hurt!
You die...

###############........#.##..###.
#. #.#########.###..>.. .... ##.#
###### ##.#.# ###..# .#...>.
####...## ....... #....###
......K##.#### ......Z#..#
....?.g@.## ....J....#
##....##..# #.... ##... #.##.
#### . #. . .#


You could see a gnoll (ally target), an endoplasm, a kobold and a friendly ball
python skeleton.

Vanquished Creatures
  An endoplasm (D:1)
  2 goblins (D:1)
  2 ball pythons (D:1)
  A rat (D:1)
6 creatures vanquished.

Notes
Turn   | Place    | Note
-------+----------+-------------------------------------------
     0 | D:1      | GreatBamboolord the Djinni Necromancer began the quest for
                  | the Orb.
     0 | D:1      | GreatBamboolord set off with the following spells
                  | memorised: Necrotise, Vampiric Draining, Animate Dead,
                  | Agony.
     0 | D:1      | Reached XP level 1. HP: 15/15 MP: 0/0
    99 | D:1      | Found Apuon's Assorted Antiques.
   143 | D:1      | Found Sacav's Jewellery Shoppe.
   186 | D:1      | Reached XP level 2. HP: 18/22 MP: 0/0
   186 | D:1      | Mangled by a gnoll

Illustrated notes

Levels and vault maps discovered:
D:1:      zaba_arrival_water, layout_rooms, serial_shops,
          nicolae_shop_overgrown_old_shop, shop, shop_fountains, shop_statue,
          ebering_ecumenical_altar_ruins, minmay_vboxes

Action                     || total
---------------------------++-------
   Cast: Necrotise         ||    14
  Dodge: Dodged            ||     2
